AoeStats
← bkg45

QS Arena

503221966Analyzed
3v3 RM · 1mo ago on Aug 30, 2026· 47m 59s· 6 players
Game mode
Random Map
Map size
Normal (6 player)
Population
200
Speed
Normal
Resources
Standard
Victory
Conquest
Starting age
Dark Age
Ending age
Imperial Age
RankedLock teamsTeams togetherTeam positionsShared explorationLock speedFull tech treeHidden civsTurbo modeCheats
Victory
Defeat
🇭🇰 Byzantines · Hong Kong SAR China
1201
+17
🇩🇪 Khmer · Germany
1195
+17
🇺🇸 Malay · United States
1156
+19
🇺🇸 Italians · United States
1316
-22
🇺🇸 Vietnamese · United States
1235
-18
🇺🇸 Spanish · United States
1090
-17
Pr02type
1:18 Loom
8:17 Feudal Age
14:00 Castle Age
15:43 Double-Bit Axe
19:27 Wheelbarrow
19:36 Horse Collar
20:38 Gold Mining
21:11 Heavy Plow
22:30 Bow Saw
22:13 Stone Mining
23:13 Gold Shaft Mining
23:50 Stone Shaft Mining
24:19 Hand Cart
25:26 Scale Barding Armor
25:31 Fletching
25:56 Masonry
26:01 Fortified Wall
27:01 Chain Barding Armor
27:05 Town Watch
27:21 Bodkin Arrow
28:35 Padded Archer Armor
31:35 Imperial Age
32:54 Plate Barding Armor
33:24 Chemistry
32:31 Siege Engineers
33:07 Crop Rotation
32:55 Bloodlines
32:45 Husbandry
33:42 Architecture
33:28 Tusk Swords
32:51 Elite Ballista Elephant
34:15 Conscription
33:47 Light Cavalry
34:58 Bracer
35:09 Forging
36:10 Double Crossbow
35:57 Hussar
38:00 Iron Casting
38:05 Hoardings
41:24 Blast Furnace
44:03 Tusk Swords
43:47 Elite Battle Elephant
JustOutOfRange
9:26 Feudal Age
9:47 Loom
15:07 Castle Age
13:49 Double-Bit Axe
14:11 Horse Collar
17:33 Bow Saw
18:06 Gold Mining
21:30 Forging
24:45 Wheelbarrow
24:37 Town Watch
25:37 Heavy Plow
26:52 Iron Casting
27:36 Arson
27:51 Squires
29:01 Scale Barding Armor
32:27 Imperial Age
30:07 Town Watch
30:37 Hand Cart
31:52 Scale Barding Armor
33:30 Blast Furnace
32:33 Husbandry
33:22 Gold Shaft Mining
33:02 Capped Ram
34:13 Devotion
34:39 Hand Cart
36:16 Forced Levy
36:37 Conscription
35:59 Man-at-Arms
36:08 Light Cavalry
37:10 Fletching
37:14 Long Swordsman
37:37 Elite Battle Elephant
39:13 Bodkin Arrow
39:05 Two-Handed Swordsman
42:50 Stone Mining
45:45 Chemistry
46:18 Masonry
46:13 Siege Engineers
47:52 Pikeman
Dragerwoods
8:33 Feudal Age
7:06 Loom
12:56 Castle Age
10:57 Double-Bit Axe
12:13 Horse Collar
14:30 Wheelbarrow
14:36 Bow Saw
24:22 Imperial Age
21:53 Gold Mining
22:05 Stone Mining
22:29 Heavy Plow
23:03 Scale Barding Armor
23:08 Forging
24:19 Chain Barding Armor
24:05 Husbandry
25:09 Iron Casting
25:00 Heavy Camel Rider
26:27 Conscription
27:16 Plate Barding Armor
28:39 Greek Fire
29:53 Gold Shaft Mining
29:53 Stone Shaft Mining
28:46 Elite Cataphract
31:28 Logistica
32:27 Crop Rotation
34:48 Two-Man Saw
36:05 Fletching
37:57 Chemistry
37:18 Ballistics
36:39 Treadmill Crane
36:57 Bodkin Arrow
42:57 Hand Cart
-- .- -. .. ... ....
10:04 Feudal Age
10:56 Double-Bit Axe
16:32 Castle Age
14:17 Loom
16:54 Horse Collar
18:24 Wheelbarrow
18:02 Bow Saw
21:48 Heavy Plow
24:11 Forging
25:06 Hand Cart
26:36 Murder Holes
27:35 Husbandry
29:31 Iron Casting
29:02 Scale Barding Armor
32:13 Imperial Age
31:42 Ballistics
34:07 Chemistry
34:10 Bloodlines
35:04 Blast Furnace
33:59 Cavalier
35:16 Gold Mining
35:17 Stone Mining
37:37 Conscription
37:44 Paladin
39:50 Chain Barding Armor
45:20 Plate Barding Armor
44:45 Scale Mail Armor
44:46 Padded Archer Armor
44:36 Fletching
48:00 Two-Man Saw
nprhino_aoe
7:28 Feudal Age
11:23 Castle Age
10:04 Double-Bit Axe
10:46 Horse Collar
16:29 Bow Saw
18:00 Loom
24:20 Imperial Age
21:52 Fletching
22:37 Bodkin Arrow
24:43 Wheelbarrow
24:01 Gold Mining
26:52 Chemistry
28:02 Ballistics
29:05 Bracer
30:01 Padded Archer Armor
32:03 Conscription
32:13 Conscription
33:19 Leather Archer Armor
37:37 Elite Genoese Crossbowman
bkg45
8:40 Feudal Age
12:29 Castle Age
10:58 Double-Bit Axe
11:00 Horse Collar
13:24 Bow Saw
15:33 Loom
19:42 Gold Mining
21:08 Wheelbarrow
20:37 Fletching
21:41 Stone Mining
22:57 Stone Shaft Mining
26:05 Imperial Age
24:16 Padded Archer Armor
25:12 Ballistics
25:22 Bodkin Arrow
25:56 Leather Archer Armor
25:33 Elite Skirmisher
26:23 Heavy Plow
27:42 Bracer
29:20 Ring Archer Armor
31:38 Imperial Skirmisher
33:57 Chemistry
33:22 Pikeman
34:03 Squires
36:10 Scale Mail Armor
36:20 Forging
36:42 Thumb Ring
37:18 Chain Mail Armor
37:13 Halberdier
41:38 Hand Cart
41:31 Elite Rattan Archer
43:06 Plate Mail Armor
Connection lost

Rejoining the realm…

Still unreachable

The connection could not be restored.

Session expired

The server has moved on; the page needs a fresh start.